 Dungeon Crawl Stone Soup version 0.28.0-53-g5a82cb258f (console) character file.

Game seed: 8069501312952584555

45 thiole the Magician (level 3, -4/24 HPs)
             Began as an Octopode Hedge Wizard on May 29, 2022.
             Slain by a worm (6 damage)
             ... on level 2 of the Dungeon.
             The game lasted 00:02:47 (1295 turns).

thiole the Magician (Octopode Hedge Wizard)         Turns: 1295, Time: 00:02:48

Health: -4/24      AC:  1    Str:  8 (9)  XL:     3   Next: 64%
Magic:  4/7        EV: 13    Int: 17 (18) God:
Gold:   57         SH:  0    Dex:  8 (11) Spells: 7/8 levels left

rFire   . . .      SeeInvis .   a - +0 dagger
rCold   . . .      Faith    .   (no shield)
rNeg    . . .      Spirit   .   b - +0 hat
rPois   .          Reflect  .   (no amulet)
rElec   .          Harm     .   (no ring)
rCorr   .          Rampage  .   (no ring)
Will    .....                   (no ring)
Stlth   +++.......              (no ring)
HPRegen 0.08/turn               (no ring)
MPRegen 0.10/turn               (no ring)
                                (no ring)
                                (no ring)

@: very slightly contaminated
A: almost no armour, amphibious, 8 rings, camouflage 1, gelatinous body 1,
(nimble swimmer 1), tentacles
a: no special abilities


You were on level 2 of the Dungeon.
You visited 1 branch of the dungeon, and saw 2 of its levels.

You collected 57 gold pieces.

Inventory:

Hand Weapons
 a - a +0 dagger (weapon)
Armour
 b - a +0 hat (worn)
Scrolls
 c - a scroll of teleportation
 d - a scroll of enchant armour {unknown}
 e - a scroll of fear {unknown}
 f - a scroll of immolation {unknown}
 g - a scroll of noise {unknown}
 h - a scroll of magic mapping {unknown}
 j - a scroll of vulnerability {unknown}


   Skills:
 - Level 2.0 Fighting
 - Level 2.0 Dodging
 - Level 2.7 Stealth
 + Level 3.3 Spellcasting
 - Level 2.0 Conjurations
 - Level 1.0 Summonings
 - Level 1.0 Translocations


You had 7 spell levels left.
You knew the following spells:

 Your Spells              Type           Power      Damage    Failure   Level
a - Magic Dart            Conj           36%        1d4       8%          1

Your spell library contained the following spells:

 Spells                   Type           Power      Damage    Failure   Level
 Slow                     Hex            8%         N/A       17%         1
 Blink                    Tloc           12%        N/A       17%         2
 Call Imp                 Summ           6%         N/A       17%         2
 Conjure Flame            Conj/Fire      6%         6-21      34%         3
 Mephitic Cloud           Conj/Pois/Air  5%         N/A       36%         3


Dungeon Overview and Level Annotations

Branches:
Dungeon (2/15)

Altars:


Innate Abilities, Weirdness & Mutations

You cannot wear most types of armour.
You are amphibious.
You can wear up to eight rings at the same time.
Your skin changes colour to match your surroundings (Stealth+).
Your rubbery body absorbs attacks. (AC +1, EV +1)
((You are camouflaged when in or above water. (Stealth+)))
You have tentacles for arms and can constrict up to eight enemies at once.


Message History

Casting: Magic Dart (safe; 8% risk of failure)
Confirm with . or Enter, or press ? or * to list all spells.
Aiming: Magic Dart (safe; 8% risk of failure)
Press: ? - help, Shift-Dir - straight line, f - worm
Aim: a worm (wandering, hasn't noticed you, 100% to hit)
The magic dart hits the worm.
The worm is lightly wounded.
Casting: Magic Dart (safe; 8% risk of failure)
Confirm with . or Enter, or press ? or * to list all spells.
Aiming: Magic Dart (safe; 8% risk of failure)
Press: ? - help, Shift-Dir - straight line, f/p - worm
Aim: a worm (lightly wounded, 100% to hit)
The magic dart hits the worm but does no damage.
The worm is lightly wounded.
Casting: Magic Dart (safe; 8% risk of failure)
Confirm with . or Enter, or press ? or * to list all spells.
Aiming: Magic Dart (safe; 8% risk of failure)
Press: ? - help, Shift-Dir - straight line, f/p - worm
Aim: a worm (lightly wounded, 100% to hit)
You miscast Magic Dart.
You are very lightly contaminated with residual magic.
Nothing appears to happen.
You are too injured to fight recklessly!
You are too injured to fight recklessly!
You hit the worm but do no damage. Your grab misses the worm. You hit the worm.
You grab the worm.
The worm is lightly wounded.
You constrict the worm. The worm bites you!
* * * LOW HITPOINT WARNING * * *
You hit the worm but do no damage.
The worm is lightly wounded.
You constrict the worm. You hit the worm. Your squeeze misses the worm.
The worm is moderately wounded.
You constrict the worm. The worm bites you.
* * * LOW HITPOINT WARNING * * *
You hit the worm.
The worm is moderately wounded.
You constrict the worm. The worm bites you.
You die...

### ..# #.# # #.#
###.# ##^# ..#.
##..# #$. ##
##.#.## #w#
#.####.###.## #@#
#.....## ##.#
#.###.###..###.##
###>...####.#.#.##
#...........##.##
#.#.######..##.#
#†#.# #..##.#
#.#.# #..##.#
##.#.### #..##.#
..#...# #..##.#


You could see a worm.

Vanquished Creatures
  Terence (D:2)
  A dart slug (D:1)
  2 bats (D:1)
  An endoplasm (D:2)
  A goblin (D:1)
  4 hobgoblins
  3 jackals (D:1)
  3 kobolds (D:1)
  A rat (D:1)
17 creatures vanquished.

Notes
Turn   | Place    | Note
-------+----------+-------------------------------------------
     0 | D:1      | thiole the Octopode Hedge Wizard began the quest for the
                  | Orb.
     0 | D:1      | Reached XP level 1. HP: 11/11 MP: 4/4
     2 | D:1      | Noticed an elf
     2 | D:1      | Noticed a minotaur
     4 | D:1      | Noticed an ogre
     4 | D:1      | Noticed a dwarf
     6 | D:1      | Noticed a spriggan
     8 | D:1      | Noticed a vampire
     8 | D:1      | Noticed a naga
    10 | D:1      | Noticed a ghoul
    12 | D:1      | Noticed a draconian
    14 | D:1      | Noticed an octopode
    16 | D:1      | Noticed a felid
    16 | D:1      | Noticed a tengu
    18 | D:1      | Noticed a demonspawn
    18 | D:1      | Noticed a merfolk
    20 | D:1      | Noticed a troll
    20 | D:1      | Noticed a formicid
    22 | D:1      | Noticed a vine stalker
    22 | D:1      | Noticed a human
    24 | D:1      | Noticed a gargoyle
    26 | D:1      | Noticed a demigod
   483 | D:1      | Reached XP level 2. HP: 16/17 MP: 6/6
   536 | D:1      | Found a faded altar of an unknown god.
   874 | D:1      | Reached skill level 1 in Fighting
  1249 | D:2      | Noticed Terence
  1255 | D:2      | Killed Terence
  1256 | D:2      | Reached XP level 3. HP: 9/24 MP: 7/7
  1295 | D:2      | Slain by a worm

Illustrated notes

Levels and vault maps discovered:
D:1:      kb_arrival_jail, layout_basic,
          dreamdust_ecumenical_altar_angels_and_demons
D:2:      layout_loops_ring, uniq_terence

Skill      XL: |  1  2 |
---------------+-------+-----
Conjurations   | 2 |  2.0
Fighting       | 2 |  2.0
Dodging        | |  2.0
Stealth        | |  2.7
Spellcasting   | |  3.3
Summonings     | |  1.0
Translocations | |  1.0

Action                   || total
-------------------------++-------
Melee: Dagger            ||    48
       Constrict         ||    15
       Tentacles         ||    11
       Punch             ||     4
 Cast: Magic Dart        ||     2
  Use: Scroll            ||     1
       Potion            ||     1
 Stab: Sleeping          ||     2
Dodge: Dodged            ||    24
